 Dungeon Crawl Stone Soup version 0.30-b1-2-g02819fbbbe (webtiles) character file.

Game seed: 3116533807811118719

21 prikolics the Grasshopper (level 2, 0/26 HPs)
             Began as a Naga Warper on Aug 8, 2023.
             Slain by an adder (3 damage)
             ... on level 2 of the Dungeon.
             The game lasted 00:05:43 (698 turns).

prikolics the Grasshopper (Naga Warper)              Turns: 698, Time: 00:05:44

Health: 0/26       AC:  3    Str: 13    XL:     2   Next: 83%
Magic:  5/5        EV:  9    Int: 13    God:
Gold:   51         SH:  0    Dex: 10    Spells: 5/5 levels left

rFire   . . .        a - +0 spear
rCold   . . .        (no shield)
rNeg    . . .        b - +0 leather armour
rPois   +            (no helmet)
rElec   .            p - +0 cloak {rPois}
rCorr   .            (no gloves)
SInv    +            (no barding)
Will    .....        (no amulet)
Stlth   +            (no ring)
HPRegen 0.24/turn    (no ring)
MPRegen 0.09/turn

%: no passive effects
@: very slow
A: AC +0, large, see invisible, deformed body, poison resistance, slowness 2,
spit poison 1, naga tail 1
a: Spit Poison


You were on level 2 of the Dungeon.
You visited 1 branch of the dungeon, and saw 2 of its levels.

You collected 51 gold pieces.

Inventory:

Hand Weapons
 a - a +0 spear (weapon)
 e - a +0 spear
Missiles
 d - 3 boomerangs of dispersal (quivered)
Armour
 b - a +0 leather armour (worn)
 p - a +0 cloak of poison resistance (worn)
Magical Staves
 o - a staff of cold
Jewellery
 l - a ring of willpower
Scrolls
 c - a scroll of blinking
 f - a scroll of identify {unknown}
 i - a scroll of enchant weapon {unknown}
 j - 2 scrolls of immolation {unknown}
 n - 2 scrolls of vulnerability {unknown}
 r - a scroll of enchant armour {unknown}
Potions
 g - a potion of cancellation {unknown}
 h - a potion of degeneration {unknown}
 k - a potion of curing {unknown}
 m - a potion of lignification {unknown}
 q - 2 potions of might {unknown}
 s - a potion of attraction {unknown}


   Skills:
 + Level 2.2 Fighting
 + Level 2.1 Polearms
 + Level 0.8 Throwing
 + Level 1.1 Armour
 + Level 1.9 Dodging
 + Level 2.2 Spellcasting
 + Level 3.1 Translocations


You had 5 spell levels left.
You didn't know any spells.
Your spell library contained the following spells:

 Spells                   Type           Power      Damage    Failure   Level
 Blink                    Tloc           18%        N/A       13%         2
 Lesser Beckoning         Tloc           18%        N/A       13%         2
 Teleport Other           Tloc           9%         N/A       26%         3
 Vhi's Electric Charge    Tloc/Air       10%        N/A       45%         3
 Manifold Assault         Tloc           9%         N/A       65%         4


Dungeon Overview and Level Annotations

Branches:
Dungeon (2/15)

Altars:


Innate Abilities, Weirdness & Mutations

Your serpentine skin is tough. (AC +0)
You have supernaturally acute eyesight. (SInv)
Armour fits poorly on your strangely shaped body.
Your system is resistant to poisons. (rPois)
You cover ground very slowly.
You can spit poison.
You have a snake-like lower body.


Message History

The adder bites you but does no damage.
You barely miss the adder.
The adder is heavily wounded.
The adder bites you but does no damage.
You barely miss the adder.
The adder is heavily wounded.
The adder closely misses you.
You hit the adder.
The adder is heavily wounded.
The adder barely misses you. The adder bites you.
You hit the adder but do no damage.
The adder is heavily wounded.
The adder bites you.
You are poisoned.
The adder poisons you!
You hit the adder.
The adder is heavily wounded.
You feel sick. The adder bites you.
You barely miss the adder.
The adder is heavily wounded.
You feel sick. The adder bites you. The adder barely misses you.
You closely miss the adder.
The adder is heavily wounded.
You feel sick. The adder bites you but does no damage.
You closely miss the adder.
The adder is heavily wounded.
You feel sick. The adder bites you.
* * * LOW HITPOINT WARNING * * *
You barely miss the adder.
The adder is heavily wounded.
You feel sick. The adder bites you.
* * * LOW HITPOINT WARNING * * *
You barely miss the adder.
The adder is heavily wounded.
You feel sick.
You are no longer poisoned.
The adder bites you.
* * * LOW HITPOINT WARNING * * *
The adder bites you.
You die...

..# ####.<..###.## ..
..# ##...#####..###.#
..# #............#..#
..#
#.....##........##
..#
##.###.#..........
.†###.#.##..........#
.....###....#......#
..###.#.#.....#..S#
....##.#.###.###@##
..#.##...# #.....#
###.####.# #.###.#
#.# #... ## #.# #.#
#.### #.# ###.# #.#
#.# ....# #.# #####.#
##..####.###...#.#
#...............#


You could see an adder.

Vanquished Creatures
  2 dart slugs (D:1)
  3 endoplasms (D:1)
  A goblin (D:1)
  A kobold (D:1)
  2 quokkas (D:2)
  3 ball pythons
  A bat (D:2)
  A frilled lizard (D:1)
  A rat (D:1)
15 creatures vanquished.

Notes
Turn   | Place    | Note
-------+----------+-------------------------------------------
     0 | D:1      | prikolics the Naga Warper began the quest for the Orb.
     0 | D:1      | Reached XP level 1. HP: 19/19 MP: 3/3
   287 | D:1      | Reached XP level 2. HP: 23/26 MP: 5/5
   347 | D:1      | Reached skill level 1 in Armour
   698 | D:2      | Slain by an adder

Illustrated notes

Levels and vault maps discovered:
D:1:      minmay_arrival_jagged, layout_rooms
D:2:      layout_loops_ring

Skill      XL: |  1  2 |
---------------+-------+-----
Armour         | 1 |  1.1
Fighting       | |  2.2
Polearms       | |  2.1
Throwing       | |  0.8
Dodging        | |  1.9
Spellcasting   | |  2.2
Translocations | |  3.1

Action                     || total
---------------------------++-------
  Melee: Spear             ||    59
         Punch             ||     1
  Throw: Stone             ||     4
         Boomerang         ||     4
Ability: Spit Poison       ||     9
 Armour: Leather armour    ||    16
  Dodge: Dodged            ||    22
